 Dungeon Crawl Stone Soup version 0.24.0-13-gcf9b3192b9 (webtiles) character file.

Game seed: 8576786586712060232, levelgen mode: deterministic

9 Iscandelvey the Vexing (level 2, 21/21 HPs)
             Began as a Demonspawn Arcane Marksman on Nov 6, 2019.
             Quit the game on level 1 of the Dungeon.
             The game lasted 00:00:09 (392 turns).

Iscandelvey the Vexing (Demonspawn Arcane Marksman)  Turns: 392, Time: 00:00:10

Health: 21/21      AC:  2    Str: 10    XL:     2   Next: 3%
Magic:  3/3        EV: 12    Int: 14    God:
Gold:   48         SH:  0    Dex: 13    Spells: 2/3 levels left

rFire    . . .     SeeInvis .   a - +0 hunting sling
rCold    . . .     Gourm    .   (no shield)
rNeg     . . .     Faith    .   e - +0 robe
rPois    .         Spirit   .   (no helmet)
rElec    .         Reflect  .   (no cloak)
rCorr    .         Harm     .   (no gloves)
MR       .....                  (no boots)
Stlth    +.........             (no amulet)
HPRegen  0.07/turn              (no ring)
MPRegen  0.08/turn              (no ring)

@: no status effects
A: spiny 1
a: no special abilities


You were on level 1 of the Dungeon.
You were not hungry.

You visited 1 branch of the dungeon, and saw 1 of its levels.

You collected 48 gold pieces.

Inventory:

Hand Weapons
 a - a +0 hunting sling (weapon)
Missiles
 c - 16 stones
 d - 17 sling bullets (quivered)
Armour
 e - a +0 robe (worn)
Scrolls
 h - a scroll of magic mapping {unknown}
 i - a scroll of remove curse {unknown}
 k - a scroll of enchant weapon {unknown}
 l - a scroll of immolation {unknown}
 m - a scroll of teleportation {unknown}
Potions
 b - 2 potions of lignification {unknown}
 g - 2 potions of might {unknown}
 j - a potion of brilliance {unknown}
Comestibles
 f - a ration


   Skills:
 + Level 1.0 Fighting
 + Level 2.0 Slings
 + Level 1.8 Dodging
 + Level 1.0 Spellcasting
 + Level 3.3 Hexes


You had 2 spell levels left.
You knew the following spells:

 Your Spells              Type           Power        Failure   Level  Hunger
a - Corona                Hex            ##.....      7%          1    ##.....

Your spell library contained the following spells:

 Spells                   Type           Power        Failure   Level  Hunger
 Slow                     Hex            ##......     10%         2    ###....
 Inner Flame              Hex/Fire       #.......     36%         3    ####...
 Portal Projectile        Hex/Tloc       #.....       36%         3    ####...
 Cause Fear               Hex            ##........   54%         4    #####..
 Leda's Liquefaction      Hex/Erth       #.........   78%         4    #####..


Dungeon Overview and Level Annotations

Branches:
Dungeon (1/15)

Altars:


Innate Abilities, Weirdness & Mutations

You are partially covered in sharp spines.


Message History

You shoot a sling bullet. The sling bullet hits the bat!
You kill the bat!
d - 18 sling bullets (gained 1)
l - a scroll labeled DAISEA ZOOPROMEKH No target in view!
m - a scroll labeled HIOLLOEHOI No target in view!
You now have 45 gold pieces (gained 14).
You now have 48 gold pieces (gained 3).
A jackal comes into view.
Firing (i - inventory. (/) - cycle)
d - 18 sling bullets (quivered)
Press: ? - help, Shift-Dir - straight line, f - jackal
Aim: a jackal (resting)
You shoot a sling bullet. The sling bullet hits the jackal.
You kill the jackal!
You have reached level 2!
Your demonic ancestry asserts itself...
Sharp spines emerge from parts of your body.
A jackal comes into view.
Are you sure you want to abandon this character and quit the game? (Confirm with "yes".)

################.#
#.. #.# #.# #.#
#.# #.# #.#####
#.# [...).# #.#
......# #.#
......# #.#
......# #@#
...#### #.#
...###### #.#
......... #.#
#.#...... #.#
#.#...... #.#
#.#...... #h# #.#
##### #(# ..#


You could see a jackal (wandering).

Vanquished Creatures
  A dart slug (D:1)
  2 goblins (D:1)
  A jackal (D:1)
  A bat (D:1)
  2 rats (D:1)
7 creatures vanquished.

Notes
Turn   | Place    | Note
-------+----------+-------------------------------------------
     0 | D:1      | Iscandelvey the Demonspawn Arcane Marksman began the quest
                  | for the Orb.
     0 | D:1      | Reached XP level 1. HP: 15/15 MP: 2/2
   391 | D:1      | Gained mutation: You are partially covered in sharp spines.
                  | [demonic ancestry]
   391 | D:1      | Reached XP level 2. HP: 21/21 MP: 3/3
   392 | D:1      | Quit the game

Levels and vault maps discovered:
D:1:      minmay_arrival_jagged, layout_basic

Skill      XL: |  1 |
---------------+----+-----
Slings         | 2 |  2.0
Fighting       | |  1.0
Dodging        | |  1.8
Spellcasting   | |  1.0
Hexes          | |  3.3

Action                   || total
-------------------------++-------
 Fire: Hunting sling     ||    14
Dodge: Dodged            ||     1
